 Dungeon Crawl Stone Soup version 0.31-a0-1424-g2add1c7226 (webtiles) character file.

Game seed: 16657283436321019535

136122 inmateoo the Impaler (level 16, -17/132 HPs)
             Began as a Demonspawn Gladiator on Dec 26, 2023.
             Was an Initiate of Gozag.
             Blown up by an orb spider (34 damage)
             ... with an orb of destruction
             ... on level 2 of the Spider Nest.
             The game lasted 00:30:56 (22319 turns).

inmateoo the Impaler (Demonspawn Gladiator)        Turns: 22319, Time: 00:30:57

Health: -17/132    AC: 54    Str: 23    XL:     16   Next: 66%
Magic:  16/16      EV: 12    Int: 11    God:    Gozag
Gold:   1573       SH:  7    Dex: 15    Spells: 15/15 levels left

rFire   + . .        I - +5 demon trident (drain)
rCold   + . .        w - +2 buckler {AC+3}
rNeg    . . .        b - +15 Maxwell's patent armour {-Cast -Tele rElec Will+ rCorr}
rPois   +            (helmet unavailable)
rElec   +            l - scarf {rC+ rF+}
rCorr   +            R - +0 pair of gloves {Str+3}
SInv    .            L - +2 pair of boots {Fly}
Will    ++...        y - amulet of regeneration Stlth
                     g - +4 ring of protection
HPRegen 1.22/turn    B - ring of poison resistance
MPRegen 0.30/turn

%: no teleportation, no spellcasting
@: sanguine armoured, flying, slowed, very slow
A: horns 3, powered by pain 1, magic regeneration, sanguine armour 3
a: Renounce Religion, Potion Petition, Call Merchant, Bribe Branch


You were on level 2 of the Spider Nest.
You worshipped Gozag.
Gozag was most pleased with you.
You visited 5 branches of the dungeon, and saw 25 of its levels.
You also visited: Bailey.

You collected 8428 gold pieces.
You spent 4624 gold pieces at shops.
You paid 2231 gold pieces to Gozag.

Inventory:

Hand Weapons
 I - a +5 demon trident of draining (weapon)
Missiles
 d - 3 throwing nets (quivered)
 x - 10 javelins
Armour
 b - the +15 Maxwell's patent armour (worn) {-Cast -Tele rElec Will+ rCorr}
   (You bought it in a shop on level 2 of the Orcish Mines)

   rElec:     It insulates you from electricity.
   Will+:     It increases your willpower.
   -Cast:     It prevents spellcasting.
   -Tele:     It prevents most forms of teleportation.
   rCorr:     It protects you from acid and corrosion.
 l - a scarf of resistance (worn)
 w - a +2 buckler of protection (worn)
 L - a +2 pair of boots of flying (worn)
 R - a +0 pair of gloves of strength (worn)
Jewellery
 f - a ring of see invisible
 g - a +4 ring of protection (left hand)
 y - an amulet of regeneration (around neck)
 B - a ring of poison resistance (right hand)
 F - a ring of protection from cold
 J - the ring of Jylant {rF++ MP+9 Str+5 Dex-4}
   (You found it on level 1 of the Lair of Beasts)

   [ring of magical power]

   Str+5:     It affects your strength (+5).
   Dex-4:     It affects your dexterity (-4).
   rF++:      It greatly protects you from fire.
   MP+9:      It affects your magic capacity (+9).
 O - a ring of resist corrosion
Wands
 a - a wand of polymorph (8)
 n - a wand of digging (8)
 r - a wand of paralysis (15)
 G - a wand of iceblast (11)
 H - a wand of flame (22)
 P - a wand of mindburst (3)
Scrolls
 e - 9 scrolls of identify
 i - a scroll of torment
 m - 6 scrolls of teleportation
 o - 3 scrolls of blinking
 p - 3 scrolls of brand weapon
 s - 3 scrolls of amnesia
 t - 5 scrolls of immolation
 D - 2 scrolls of revelation
 K - a scroll of vulnerability
 M - a scroll of silence
 T - a scroll of poison
Potions
 c - 5 potions of curing
 h - 2 potions of invisibility
 j - 2 potions of cancellation
 k - a potion of attraction
 q - a potion of enlightenment
 u - 3 potions of magic
 v - 4 potions of mutation
 z - a potion of lignification
 A - 2 potions of brilliance
 C - a potion of ambrosia
 E - a potion of resistance
 N - a potion of heal wounds
 Q - a potion of might


   Skills:
 + Level 13.8 Fighting
 * Level 17.6 Polearms
 - Level 1.7 Throwing
 + Level 12.5 Armour
 + Level 12.8 Dodging
 + Level 5.9 Shields


You had 15 spell levels left.
You didn't know any spells.
Your spell library contained the following spells:

 Spells                   Type           Power      Damage    Failure   Level
 Freeze                   Ice            0%         1d3       99%         1
 Slow                     Hex            0%         N/A       99%         1
 Summon Small Mammal      Summ           0%         N/A       99%         1
 Mercury Vapours          Alch/Air       0%         N/A       100%        2
 Call Canine Familiar     Summ           0%         N/A       100%        3
 Confusing Touch          Hex            0%         N/A       100%        3
 Frozen Ramparts          Ice            0%         1d1       100%        3
 Hailstorm                Conj/Ice       0%         3d5       100%        3
 Inner Flame              Hex/Fire       0%         N/A       100%        3
 Sigil of Binding         Hex            0%         N/A       100%        3
 Summon Guardian Golem    Hex/Summ       0%         N/A       100%        3
 Vampiric Draining        Necr           0%         2d6       100%        3
 Airstrike                Air            0%         2d(0-16)  100%        4
 Ignite Poison            Fire/Alch      0%         N/A       100%        4
 Iskenderun's Mystic Bla  Conj/Tloc      0%         2d3       100%        4
 Leda's Liquefaction      Alch/Erth      0%         N/A       100%        4
 Manifold Assault         Tloc           0%         N/A       100%        4
 Petrify                  Alch/Erth      0%         N/A       100%        4
 Sticky Flame             Fire/Alch      0%         2d4       100%        4
 Summon Ice Beast         Ice/Summ       0%         N/A       100%        4
 Fireball                 Conj/Fire      0%         3d3       100%        5
 Irradiate                Conj/Alch      0%         3d11      100%        5
 Metabolic Englaciation   Hex/Ice        0%         N/A       100%        5
 Summon Mana Viper        Hex/Summ       0%         N/A       100%        5
 Dispersal                Tloc           0%         N/A       100%        6
 Monstrous Menagerie      Summ           0%         N/A       100%        7
 Disjunction              Tloc           0%         N/A       100%        8
 Ignition                 Fire           0%         3d3       100%        8


Dungeon Overview and Level Annotations

Branches:
Dungeon (15/15)            Temple (1/1) D:5            Lair (5/5) D:10
 Shoals (0/4) Lair:3       Spider (2/4) Lair:3        Slime (0/5) Lair:4
    Orc (2/2) D:12            Elf (0/3) Orc:2        Vaults (0/5) D:14
 Depths (0/4) D:15         Bailey (visited)

Altars:
Ashenzari
Cheibriados
Dithmenos
Fedhas
Gozag
Hepliaklqana
Kikubaaqudgha
Makhleb
Nemelex Xobeh
Okawaru
Qazlal
Ru
Sif Muna
Trog
Uskayaw
Vehumet
Wu Jian
Xom
Yredelemnul
Jiyva

Shops:
D:2 ?   D:4 :   Orc:2 [[[([[[

Annotations:
D:6 1 runed translucent door, TobyConnect's ghost, novice TeAE


Innate Abilities, Weirdness & Mutations

You have a pair of large horns on your head.
You sometimes gain a little power by taking damage.
You regenerate magic rapidly.
When seriously injured, your blood forms very thick armour. (AC +12)


Message History

You are too injured to fight recklessly!
You are too injured to fight recklessly!
You are too injured to fight recklessly!
You are too injured to fight recklessly!
You are too injured to fight recklessly!
You are too injured to fight recklessly!
You are too injured to fight recklessly!
You are too injured to fight recklessly!
You are too injured to fight recklessly!
You are too injured to fight recklessly!
You are too injured to fight recklessly!
You block the redback's attack.
The jumping spider leaps!
The orb spider spins a strand of pure energy.
The torpor snail is distracted by your dazzling golden aura.
The redback misses you.
The orb spider's soul is no longer bound.
The redback attacks as it pursues you! The redback closely misses you.
The jumping spider leaps!
You block the redback's attack.
The orb spider weaves a glowing orb of energy.
The orb spider pulsates with a strange energy.
The redback bites you.
An orb of destruction comes into view.
The jumping spider leaps!
You block the redback's attack. You block the jumping spider's attack.
The jumping spider barely misses you.
You see here 5 gold pieces.
The redback attacks as it pursues you! You block the redback's attack.
The redback bites you but does no damage.
The jumping spider pounces on you but does no damage.
The jumping spider misses you.
The orb spider weaves a glowing orb of energy.
The orb of destruction hits you!!!
* * * LOW HITPOINT WARNING * * *
An orb of destruction comes into view.
There is a stone staircase leading up, spattered with blood here.
The orb spider's soul is no longer bound.
The torpor snail is no longer distracted by gold.
The redback completely misses you.
The jumping spider leaps!
The jumping spider pounces on you but does no damage.
The jumping spider closely misses you. The orb of destruction hits you!!
You die...

###..#.## ..#.....#
........## .........####
.##.. ...^....B.#.## .^#..
....#>.......#### #.....
...^#^.......s..# ......
..#...........☼○####......
...........#...$@.#....#..
.............s.ss°#.......
.#.#.......$...^..○.^.....
.....#^s..$.......°s.w....
.#.^>s......$#....○.......
......<@............#.....
.^^.#.#.......^....°$.....
.......s^....(............
..^.......................


You could see a torpor snail, 2 orb spiders, 2 jumping spiders and a redback
(drained).

Vanquished Creatures
  Saint Roka (Orc:2)
  Mlioglotl (Spider:1)
  Donald (Spider:1)
  2 dire elephants (Lair:1)
  A fire dragon (D:14)
  An ettin (D:14)
  2 entropy weavers
  A vault guard (D:14)
  5 hydras
  6 ogre magi
  Erica (Lair:2)
  2 catoblepae
  A merfolk avatar (Lair:5)
  5 centaur warriors
  Erolcha (Orc:2)
  A jorogumo (Spider:2)
  6 boulder beetles
  21 two-headed ogres
  A death knight (D:14)
  2 radroaches
  6 demonic crawlers
  Urug (D:12)
  3 death yaks
  An occultist (D:15)
  3 skysharks
  4 pharaoh ants
  3 skeletal warriors
  3 orb spiders
  A harpy (Lair:5)
  2 orc knights (D:15)
  A sun moth (Spider:2)
  An arcanist (D:15)
  A necromancer (D:15)
  A steelbarb worm (Spider:2)
  3 wolf spiders
  2 deep elf pyromancers (D:14)
  Pikel (D:5)
  A deep elf zephyrmancer (D:14)
  2 manticores
  26 ugly things
  7 elephants
  8 cyclopes
  8 black mambas
  3 kobold blastminers
  A merfolk siren (Lair:3)
  A torpor snail (Spider:1)
  12 cane toads
  2 gargoyles
  An unseen horror (D:11)
  6 rime drakes
  18 komodo dragons
  An unseen horror (shapeshifter) (D:13)
  2 tengu conjurers
  A kobold demonologist (D:8)
  2 polar bears
  2 efreet (D:14)
  6 trolls
  2 hornets
  A snapping turtle (Lair:5)
  Prince Ribbit (D:6)
  12 tarantellas
  35 blink frogs
  A wind drake (Lair:5)
  A tarantella (shapeshifter) (D:15)
  A dream sheep (Lair:1)
  4 culicivoras
  13 slime creatures
  2 vampires
  2 shadows
  3 jumping spiders (Spider:2)
  7 wyverns
  A wraith (D:11)
  A yak (shapeshifter) (D:14)
  38 yaks
  A hog (shapeshifter) (D:15)
  7 basilisks
  2 wargs
  15 redbacks
  5 steam dragons
  A vampire mosquito (D:14)
  Menkaure (D:4)
  An acid dragon (D:11)
  13 water moccasins
  17 orc warriors
  5 ice beasts
  2 black bears
  2 sky beasts
  29 ogres
  7 centaurs
  7 wolves
  2 phantoms
  13 bullfrogs
  5 kobold brigands
  3 scorpions
  A wight (D:9)
  3 killer bees
  7 vampire bats (Bailey)
  3 electric eels (Spider:1)
  3 bombardier beetles
  7 wolf zombies (Bailey)
  5 howler monkeys
  3 hounds
  4 jellies
  12 orc priests
  9 iguanas
  A gnoll bouda (D:9)
  Jessica (D:2)
  11 orc wizards
  8 hell rats
  5 gnolls (D:9)
  12 adders
  A white imp (D:6)
  3 worms
  2 dart slugs (D:1)
  70 orcs
  8 bats
  6 endoplasms
  11 giant cockroaches
  6 goblins
  6 hobgoblins
  3 jackals (D:2)
  20 kobolds
  6 quokkas
  5 ball pythons
  6 frilled lizards
  21 orc zombies (Bailey)
  5 rats
  A butterfly (Lair:2)
747 creatures vanquished.

Vanquished Creatures (others)
  A tengu conjurer (D:15)
  A redback (Spider:2)
  An orc warrior (D:12)
  A human (D:5)
  An orc wizard (Orc:1)
5 creatures vanquished.

Grand Total: 752 creatures vanquished

Notes
Turn   | Place    | Note
-------+----------+-------------------------------------------
     0 | D:1      | inmateoo the Demonspawn Gladiator began the quest for the
                  | Orb.
     0 | D:1      | Reached XP level 1. HP: 16/16 MP: 1/1
   150 | D:1      | Gained mutation: You have a pair of small horns on your
                  | head. [demonic ancestry]
   150 | D:1      | Reached XP level 2. HP: 22/22 MP: 2/2
   161 | D:1      | Reached skill level 3 in Polearms
   390 | D:1      | Gained mutation: You have a pair of horns on your head.
                  | [demonic ancestry]
   390 | D:1      | Reached XP level 3. HP: 28/28 MP: 3/3
   724 | D:2      | Reached skill level 1 in Armour
   840 | D:2      | Found Uluger's Magic Scroll Emporium.
   874 | D:2      | Noticed Jessica
   879 | D:2      | Killed Jessica
   880 | D:2      | Reached XP level 4. HP: 25/34 MP: 2/4
   912 | D:2      | Found a shimmering altar of Xom.
  1164 | D:3      | Gained mutation: You sometimes gain a little power by
                  | taking damage. [demonic ancestry]
  1164 | D:3      | Reached XP level 5. HP: 40/40 MP: 5/5
  1479 | D:3      | Reached skill level 4 in Polearms
  1933 | D:4      | Noticed an ice beast
  1945 | D:3      | Killed an ice beast
  1946 | D:3      | Reached XP level 6. HP: 14/47 MP: 1/6
  2096 | D:4      | Found a shadowy altar of Dithmenos.
  2427 | D:4      | Found Raegiess's Tremendous Tomes.
  2554 | D:4      | Noticed Menkaure
  2569 | D:4      | Killed Menkaure
  2570 | D:4      | Reached skill level 5 in Polearms
  2570 | D:4      | Gained mutation: You regenerate magic rapidly. [demonic
                  | ancestry]
  2570 | D:4      | Reached XP level 7. HP: 27/53 MP: 4/7
  2771 | D:5      | Entered Level 5 of the Dungeon
  2869 | D:5      | Found a staircase to the Ecumenical Temple.
  2919 | Temple   | Entered the Ecumenical Temple
  2947 | D:5      | Found an ancient bone altar of Kikubaaqudgha.
  2953 | D:5      | Noticed a human
  2955 | D:5      | Killed a human
  2976 | D:5      | Found a shimmering altar of Xom.
  3326 | D:6      | Found a sacrificial altar of Ru.
  3330 | D:6      | Found a hazy altar of Hepliaklqana.
  3335 | D:6      | Found an opulent altar of Gozag.
  3335 | D:6      | Found a hide-covered altar of Uskayaw.
  3347 | D:6      | Became a worshipper of Gozag Ym Sagoz the Greedy
  3350 | D:6      | Found a stormy altar of Qazlal.
  3393 | D:6      | Reached skill level 6 in Polearms
  3393 | D:6      | Reached XP level 8. HP: 61/61 MP: 8/8
  3417 | D:6      | Noticed Pikel
  3446 | D:5      | Killed Pikel
  3447 | D:5      | Reached skill level 5 in Fighting
  3447 | D:5      | Reached skill level 5 in Dodging
  3508 | D:6      | Found a runed translucent door.
  3508 | D:6      | Noticed TobyConnect's ghost (novice TeAE)
  3542 | D:6      | Reached skill level 7 in Polearms
  3623 | D:6      | Noticed Prince Ribbit
  3665 | D:6      | Killed Prince Ribbit
  3774 | D:6      | Reached XP level 9. HP: 68/68 MP: 9/9
  3837 | D:7      | Found a broken altar of Ashenzari.
  4402 | D:7      | Reached skill level 5 in Armour
  4435 | D:8      | Reached skill level 8 in Polearms
  4456 | D:8      | Noticed a kobold demonologist
  4469 | D:8      | Killed a kobold demonologist
  4996 | D:9      | Noticed a troll
  5016 | D:9      | Killed a troll
  5031 | D:9      | Identified the +7 arbalest "Qiadiy" {freeze, rElec rF+}
  5073 | D:9      | Noticed a troll
  5088 | D:9      | Killed a troll
  5089 | D:9      | Gained mutation: When seriously injured, your blood forms
                  | armour. (AC +12) [demonic ancestry]
  5089 | D:9      | Reached XP level 10. HP: 18/77 MP: 2/10
  5701 | D:9      | Reached skill level 9 in Polearms
  6302 | D:10     | Entered Level 10 of the Dungeon
  6302 | D:10     | Noticed a two-headed ogre
  6313 | D:10     | Killed a two-headed ogre
  6333 | D:10     | Found a flagged portal.
  6436 | Bailey   | Entered a bailey
  6520 | Bailey   | Noticed a gargoyle
  6540 | Bailey   | Killed a gargoyle
  6601 | Bailey   | Reached skill level 10 in Polearms
  6926 | D:10     | Found a staircase to the Lair.
  6927 | D:10     | Noticed an elephant
  6950 | D:9      | Gained mutation: When seriously injured, your blood forms
                  | thick armour. (AC +12) [demonic ancestry]
  6950 | D:9      | Reached XP level 11. HP: 74/86 MP: 11/11
  6955 | D:9      | Reached skill level 11 in Polearms
  6955 | D:9      | Gained mutation: You have a pair of large horns on your
                  | head. [demonic ancestry]
  6955 | D:9      | Reached XP level 12. HP: 87/94 MP: 12/12
  7567 | D:11     | Reached skill level 12 in Polearms
  7596 | D:11     | Noticed a two-headed ogre
  7604 | D:11     | Killed a two-headed ogre
  7687 | D:11     | Identified the +10 falchion "Hell-Harrower" {flame, Dex+3}
  8762 | D:12     | Found a staircase to the Orcish Mines.
  8826 | D:12     | Found an opulent altar of Gozag.
  9113 | D:13     | Noticed a centaur warrior
  9115 | D:13     | You fall into a shaft and drop 1 floor!
  9175 | D:13     | Reached skill level 10 in Fighting
  9214 | D:13     | Noticed a boulder beetle
  9231 | D:13     | Noticed Urug
  9244 | D:13     | Killed a centaur warrior
  9293 | D:12     | Killed a boulder beetle
  9453 | D:12     | Reached skill level 13 in Polearms
  9591 | D:12     | Killed Urug
  9669 | D:13     | Gained mutation: When seriously injured, your blood forms
                  | very thick armour. (AC +12) [demonic ancestry]
  9669 | D:13     | Reached XP level 13. HP: 64/102 MP: 13/13
 10963 | D:14     | Reached skill level 10 in Dodging
 11011 | D:14     | Noticed a fire dragon
 11032 | D:14     | Killed a fire dragon
 11073 | D:14     | Reached skill level 14 in Polearms
 11270 | D:14     | Reached skill level 10 in Armour
 11553 | D:14     | Found a gate to the Vaults.
 11974 | D:15     | Entered Level 15 of the Dungeon
 11989 | D:14     | Reached XP level 14. HP: 113/113 MP: 14/14
 12191 | D:15     | Identified the +5 falchion of Sykhaocvocs {heavy, rC+
                  | Will+}
 12447 | D:15     | Found a staircase to the Depths.
 12506 | D:15     | HP: 2/114 [two-headed ogre/+0 giant club (8)]
 12519 | D:15     | Reached skill level 15 in Polearms
 12928 | D:15     | Found a bloodstained altar of Trog.
 13204 | Lair:1   | Entered Level 1 of the Lair of Beasts
 14033 | Lair:1   | Found a runed translucent door.
 14422 | Lair:1   | Identified the staff "Sopack" {rPois rN+ Alchemy}
 14424 | Lair:1   | Identified the ring of Jylant {rF++ MP+9 Str+5 Dex-4}
 14837 | Lair:2   | Noticed Erica
 14858 | Lair:2   | Killed Erica
 15665 | Lair:3   | Found a staircase to the Shoals.
 15681 | Lair:3   | Reached skill level 1 in Shields
 15771 | Lair:3   | Reached XP level 15. HP: 111/122 MP: 15/15
 16042 | Lair:3   | Found a hole to the Spider Nest.
 16601 | Lair:4   | Found a viscous altar of Jiyva.
 16601 | Lair:4   | Found a staircase to the Slime Pits.
 16770 | Lair:4   | Reached skill level 16 in Polearms
 17426 | Lair:5   | Entered Level 5 of the Lair of Beasts
 17936 | Lair:5   | Got Neulam's Handbook of Kinetic Gases
 18387 | Lair:5   | Identified the +6 trident "Buagint" {pain, Str+4}
 18808 | Orc:1    | Entered Level 1 of the Orcish Mines
 18875 | Orc:1    | Paralysed by something for 2 turns
 19457 | Orc:2    | Entered Level 2 of the Orcish Mines
 19626 | Orc:2    | Noticed Saint Roka
 19728 | Orc:2    | Killed Saint Roka
 19875 | Orc:2    | Noticed Erolcha
 19888 | Orc:2    | Killed Erolcha
 20018 | Orc:2    | Reached XP level 16. HP: 79/131 MP: 16/16
 20124 | Orc:2    | Reached skill level 17 in Polearms
 20314 | Orc:2    | Found Vydar's Armour Boutique.
 20314 | Orc:2    | Found Juluevu's Weapon Shoppe.
 20350 | Orc:2    | Found Ohomeaharr's Armour Emporium.
 20350 | Orc:2    | Found Sayllol's Armour Boutique.
 20358 | Orc:2    | Bought a +0 pair of gloves of strength for 149 gold pieces
 20371 | Orc:2    | Bought a scarf of resistance for 448 gold pieces
 20403 | Orc:2    | Found a staircase to the Elven Halls.
 20713 | Orc:2    | Bought the +15 Maxwell's patent armour {-Cast -Tele rElec
                  | Will+ rCorr} for 3404 gold pieces
 20713 | Orc:2    | Found the +15 Maxwell's patent armour {-Cast -Tele rElec
                  | Will+ rCorr}
 20726 | Orc:2    | Bought a +2 buckler of protection for 258 gold pieces
 20739 | Orc:2    | Bought a +2 pair of boots of flying for 365 gold pieces
 20970 | Spider:1 | Entered Level 1 of the Spider Nest
 20978 | Spider:1 | Reached skill level 5 in Shields
 21007 | Spider:1 | Noticed Mlioglotl
 21043 | Spider:1 | Killed Mlioglotl
 21444 | Spider:1 | You are sucked into a shaft and drop 1 floor!
 21448 | Spider:2 | Identified the +9 quarterstaff "Uqani" {pain, rPois MP+9
                  | Dex-5 Stlth+}
 21758 | Spider:2 | Noticed Donald
 22285 | Spider:1 | Killed Donald
 22319 | Spider:2 | Blown up by an orb spider

Illustrated notes

Levels and vault maps discovered:
D:1:      minmay_arrival_widening_spiral_wide, layout_rooms,
          minmay_worlds_worst_comb
D:2:      layout_basic, serial_shops, nicolae_shop_window_shopping, basic_altar,
          uniq_jessica
D:3:      layout_rooms, serial_rivers, chequers_serial_rivers_small_a,
          chequers_serial_rivers_large_a, chequers_serial_rivers_micro_b,
          chequers_serial_rivers_micro_e, chequers_serial_rivers_micro_d,
          chequers_serial_rivers_micro_d, minmay_distorted
D:4:      kennysheep_spiral_hall, layout_cave_pools, lemuel_doored_altar,
          portal_sewer_entry_a, minmay_misc_feat_doors,
          nicolae_shop_i_like_big_books, uniq_menkaure
D:5:      layout_gridville, old_standard_altar, tgw_kikubaaqudgha,
          minmay_temple_entry_grid
D:6:      layout_rooms, nicolae_overflow_hallway_of_the_gods,
          gammafunk_ghost_grave, uniq_prince_ribbit1, uniq_pikel
D:7:      layout_basic, cheibrodos_ashenzari_chains
D:8:      layout_cave_pools, kennysheep_generic_room_9
D:9:      minmay_bubble_buster, layout_stronghold, nicolae_tso_carved_into_rock
D:10:     layout_cave_pools, david_lair_generic, enter_bailey_6
D:11:     layout_basic
D:12:     layout_long_grid, erik_orc_3, grunt_gozag_breadcrumbs
D:13:     layout_grid_maze, minmay_misc_feat_roman, uniq_urug
D:14:     layout_basic, david_vaults_5, serial_curves, eino_curves_03,
          eino_curves_02
D:15:     hangedman_depths_entry_civil_slaughter, layout_cave_pools,
          serial_bayou_pond_a, trog_hazing_becter
Temple:   chequers_temple_sunken
Lair:1:   gammafunk_lair_enchanted_lake, layout_hall_layers,
          beast_lair_carwin_1, infiniplex_staircase_pool, grunt_megastairs_5
Lair:2:   beast_lair_carwin_large_1, layout_loops_ring, lemuel_fruit_fields,
          uniq_erica
Lair:3:   layout_chaotic_city, minmay_shoals_entry_lonely_mermaid,
          nicolae_spider_entry_orb_guardian, lemuel_fruit_tree
Lair:4:   layout_cave_pods, nicolae_slime_entry_field_trip,
          infiniplex_staircase_pool_2
Lair:5:   gammafunk_lair_ancient_temple, layout_loops_ring
Spider:1: layout_spider_delve, uniq_mlioglotl
Spider:2: layout_spider_delve, uniq_arachne, uniq_donald
Orc:1:    layout_caves
Orc:2:    st_orc_ogre_mass, layout_diamond_mine, uniq_erolcha, uniq_saint_roka

Skill      XL: |  1  2  3  4  5  6  7  8  9 10 11 12 13 14 15 16 |
---------------+-------------------------------------------------+-----
Polearms       | 3 4 5 6 7 8 10 11 13 14 15 16 17 | 17.6
Dodging        | 3 4 5 6 7 8 9 10 11 12 | 12.8
Armour         | 1 2 3 4 5 6 7 9 10 11 12 | 12.5
Fighting       | 3 4 5 6 7 8 10 11 12 13 | 13.8
Shields        | 1 4 5 |  5.9
Throwing       | |  1.7

Action                     |  1- 3 |  4- 6 |  7- 9 | 10-12 | 13-15 | 16-18 || total
---------------------------+-------+-------+-------+-------+-------+-------++-------
  Melee: Trident           |   128 |   136 |   356 |   806 |       |       ||  1426
         Headbutt          |     9 |    28 |    81 |   216 |   365 |   108 ||   807
         Punch             |       |     1 |     4 |    10 |    11 |       ||    26
         Demon trident     |       |       |       |    27 |  1509 |   446 ||  1982
  Throw: Throwing net      |       |     2 |       |     2 |     5 |       ||     9
 Invoke: Call Merchant     |       |       |       |       |       |     3 ||     3
  Evoke: Wand              |       |       |       |     4 |     1 |     2 ||     7
    Use: Scroll            |     6 |     4 |     6 |    11 |     9 |       ||    36
         Potion            |       |       |       |     8 |     3 |     1 ||    12
   Stab: Sleeping          |     3 |       |       |       |       |       ||     3
         Held in net/web   |       |     1 |       |     2 |     4 |       ||     7
         Distracted        |       |       |     1 |     3 |     3 |     1 ||     8
         Paralysed         |       |       |       |    13 |       |       ||    13
         Invisible         |       |       |       |    12 |       |       ||    12
         Petrified         |       |       |       |       |    18 |       ||    18
         Petrifying        |       |       |       |       |     1 |       ||     1
 Armour: Leather armour    |    40 |       |       |       |       |       ||    40
         Scale mail        |       |    67 |   147 |   318 |   692 |    38 ||  1262
         Chain mail        |       |       |    97 |   150 |       |       ||   247
         Plate armour      |       |       |       |       |       |   339 ||   339
  Dodge: Dodged            |    57 |    58 |   199 |   361 |   603 |   227 ||  1505
  Block: Buckler           |       |       |       |       |   102 |   144 ||   246

Table legend: (Time is in decaauts)
 A = Elapsed time spent in this place.
 B = Non-inter-level travel time spent in this place.
 C = Inter-level travel time spent in this place.
 D = Time resting spent in this place.
 E = Time spent auto-exploring this place.
 F = Levels seen in this place.
 G = Mean time per level.
                   A        B        C        D        E       F      G
               +--------+--------+--------+--------+--------+-----+--------+
         Total |  21564 |  20207 |   1357 |   3013 |  11796 |  26 |  829.4 |
       Dungeon |  12802 |  11929 |    873 |   2048 |   6678 |  15 |  853.5 |
        Temple |      1 |      1 |      0 |      0 |      0 |   1 |    1.0 |
          Lair |   5208 |   4845 |    363 |    349 |   3360 |   5 | 1041.6 |
   Spider Nest |   1233 |   1220 |     13 |    375 |    466 |   2 |  616.5 |
  Orcish Mines |   1910 |   1803 |    107 |    241 |   1095 |   2 |  955.0 |
        Bailey |    408 |    408 |      0 |      0 |    196 |   1 |  408.0 |
               +--------+--------+--------+--------+--------+-----+--------+

Top non-repeatable levels by time:
    D:14: 1770 daAuts
     D:9: 1473 daAuts
  Lair:1: 1348 daAuts
    D:12: 1338 daAuts
   Orc:2: 1136 daAuts
  Lair:5: 1073 daAuts
     D:3: 1047 daAuts
  Lair:3: 989 daAuts
  Lair:4: 959 daAuts
    D:13: 947 daAuts
Spider:1: 915 daAuts
    D:11: 886 daAuts
  Lair:2: 837 daAuts
     D:4: 775 daAuts
   Orc:1: 773 daAuts
